 Dungeon Crawl Stone Soup version 0.21-a0-528-gf531e82 (webtiles) character file.

51 luca467 the Magician (level 3, -3/24 HPs)
             Began as a Mummy Enchanter on Dec 8, 2017.
             Slain by a worm (6 damage)
             ... on level 2 of the Dungeon.
             The game lasted 00:07:17 (1886 turns).

luca467 the Magician (Mummy Enchanter)              Turns: 1886, Time: 00:07:17

Health: -3/24      AC:  3    Str: 11    XL:     3   Next: 58%
Magic:  5/7        EV: 12    Int: 14    God:
Gold:   78         SH:  6    Dex: 13    Spells: 5/8 levels left

rFire    x . .     SeeInvis +   a - +1 dagger
rCold    + . .     Gourm    .   (no shield)
rNeg     + + +     Faith    .   b - +0 robe
rPois    ∞         Spirit   .   i - +0 helmet (curse)
rElec    .         Reflect  +   (no cloak)
rCorr    .         Harm     .   (no gloves)
MR       .....                  (no boots)
Stlth    ++........             g - +6 amulet of reflection
HPRegen  0.08/turn              f - ring of see invisible
MPRegen  0.10/turn              (no ring)

@: no status effects
A: no food or potions, fire vulnerability, cold resistance 1, negative energy
resistance 3, torment resistance, unbreathing
a: no special abilities


You were on level 2 of the Dungeon.
You were not hungry.

You visited 1 branch of the dungeon, and saw 2 of its levels.

You collected 78 gold pieces.

Inventory:

Hand Weapons
 a - a +1 dagger (weapon)
 h - a +0 short sword of protection
Armour
 b - a +0 robe (worn)
 i - a cursed +0 helmet (worn)
Jewellery
 f - a ring of see invisible (left hand)
 g - a +6 amulet of reflection (around neck)
Scrolls
 d - a scroll of amnesia {unknown}
 e - 3 scrolls of teleportation {unknown}
 j - a scroll of remove curse {unknown}
 k - a scroll of identify {unknown}
Books
 c - a book of Maledictions

   Spells                             Type                      Level
   a - Corona                         Hexes                        1
   b - Ensorcelled Hibernation        Hexes/Ice                    2
   c - Confuse                        Hexes                        3
   d - Tukima's Dance                 Hexes                        3
   e - Dazzling Spray                 Conjuration/Hexes            3


   Skills:
 + Level 1.3 Short Blades
 + Level 2.0 Dodging
 + Level 2.8 Stealth
 + Level 3.2 Spellcasting
 + Level 3.0 Hexes


You had 5 spell levels left.
You knew the following spells:

 Your Spells              Type           Power        Failure   Level  Hunger
a - Corona                Hex            ##.....      6%          1    N/A
x - Ensorcelled Hibernat  Hex/Ice        #.....       17%         2    N/A

Dungeon Overview and Level Annotations

Branches:
Dungeon (2/15)

Altars:


Innate Abilities, Weirdness & Mutations

You do not eat or drink.
Your flesh is vulnerable to fire.
You are immune to poison.
Your flesh is cold resistant. (rC+)
You are immune to negative energy. (rN+++)
You are immune to unholy pain and torment.
You can survive without breathing.


Message History

The worm is severely wounded.
You barely miss the worm.
The worm is severely wounded.
The worm bites you.
You hit the worm but do no damage.
The worm is severely wounded.
The worm bites you!
* * * LOW HITPOINT WARNING * * *
You hit the worm.
The worm is severely wounded.
Casting: Ensorcelled Hibernation
Confirm with . or Enter, or press ? or * to list all spells.
Aiming: Corona
Press: ? - help, Shift-Dir - straight line, f/p - worm
Aim: a worm (severely wounded, chance to defeat MR: 54%)
The worm is outlined in light.
You completely miss the worm.
The worm is heavily wounded.
The worm bites you.
You die...

#.#.# #.# ..
#.#.###.# ## #.#
########.#....># #.
#.#
......>....##### #.
#.# ##.#####..##
#.# #.# #...# #.#
#.# ##<.#
##.####.######..#
#.....w@..........
#..####.##.#.#..###
#..# #.# #.#..#
###..# #.# #.#..#
#....# #.# #.#..#
#.#.## #.. .....#
#.#.# #.. #.##.#
#.#.# #.# #.##.#
#.#.# #.# #.##.#


You could see a worm.

Vanquished Creatures
  An ooze (D:2)
  2 worms (D:2)
  2 dart slugs (D:1)
  11 bats
  3 giant cockroaches
  2 goblins
  3 hobgoblins
  5 kobolds
  2 quokkas (D:2)
  A frilled lizard (D:2)
  5 rats (D:1)
37 creatures vanquished.

Notes
Turn   | Place    | Note
-------+----------+-------------------------------------------
     0 | D:1      | luca467 the Mummy Enchanter began the quest for the Orb.
     0 | D:1      | Reached XP level 1. HP: 13/13 MP: 4/4
   185 | D:1      | Reached skill level 1 in Short Blades
   186 | D:1      | Reached XP level 2. HP: 19/19 MP: 3/5
   208 | D:1      | Learned a level 2 spell: Ensorcelled Hibernation
   929 | D:2      | Reached XP level 3. HP: 12/24 MP: 2/7
  1886 | D:2      | Slain by a worm

Vault maps used:
D:1:      scummos_arrival_simple_fountains
D:2:      first_bread

Skill      XL: |  1  2  3 |
---------------+----------+-----
Short Blades   | 1 |  1.3
Spellcasting   | 3 |  3.2
Hexes          | 3 |  3.0
Dodging        | 2 |  2.0
Stealth        | |  2.8

Action                   || total
-------------------------++-------
Melee: Dagger            ||   104
 Cast: Corona            ||     9
       Ensorcelled Hiber ||    26
 Stab: Sleeping          ||    20
       Distracted        ||     1
Armor: Robe              ||    25
Dodge: Dodged            ||    71
Block: Other             ||    27
       Reflection        ||     2

Table legend:
 A = Spawn XP
 B = Non-spawn XP
 C = Spawn XP percentage of total XP
 D = Spawn monster count
 E = Non-spawn monster count
 F = Spawn count percentage of total count
 G = Total turns spent on level
                    A         B        C        D         E        F      G
               +---------+---------+-------+---------+---------+-------+---------
         Total |       0 |      74 |   0.0 |       0 |      37 |   0.0 |  1886
               +---------+---------+-------+---------+---------+-------+---------
           D:1 |       0 |      34 |   0.0 |       0 |      20 |   0.0 |   802
           D:2 |       0 |      40 |   0.0 |       0 |      17 |   0.0 |  1084
               +---------+---------+-------+---------+---------+-------+---------
